 Dungeon Crawl Stone Soup version 0.29-a0-308-g4e025c60ea (webtiles) character file.

Game seed: 17850296982017449593

796 Essalna the Gusty (level 7, 0/41 HPs)
             Began as a Tengu Air Elementalist on Mar 28, 2022.
             Slain by an orc
             ... wielding a +0 mace
              (5 damage)
             ... on level 5 of the Dungeon.
             The game lasted 00:11:49 (5969 turns).

Essalna the Gusty (Tengu Air Elementalist)          Turns: 5969, Time: 00:11:50

Health: 0/41       AC:  3    Str:  9    XL:     7   Next: 89%
Magic:  3/15       EV: 14    Int: 17    God:
Gold:   185        SH:  0    Dex: 14    Spells: 5/15 levels left

rFire   . . .      SeeInvis .   w - +0 club (spect)
rCold   . . .      Faith    .   B - +0 buckler
rNeg    . . .      Spirit   .   a - +0 robe
rPois   .          Reflect  .   (helmet restricted)
rElec   .          Harm     .   (no cloak)
rCorr   .          Rampage  .   x - +0 pair of gloves
Will    .....                   (boots unavailable)
Stlth   +.........              (no amulet)
HPRegen 0.13/turn               (no ring)
MPRegen 0.14/turn               (no ring)

@: confused, flying quickly and evasively, quick
A: beak, talons 3, nimble flight
a: no special abilities


You were on level 5 of the Dungeon.
You visited 1 branch of the dungeon, and saw 5 of its levels.

You collected 185 gold pieces.

Inventory:

Hand Weapons
 k - a +0 dagger of venom
 w - a +0 spectral club (weapon)
Missiles
 m - 6 atropa-tipped darts
 A - a throwing net
Armour
 a - a +0 robe (worn)
 e - a +3 leather armour of cold resistance
 x - a +0 pair of gloves (worn)
 B - a +0 buckler (worn)
Magical Staves
 c - a staff of earth
Jewellery
 o - an amulet of guardian spirit
Wands
 d - a wand of mindburst (14)
Scrolls
 f - a scroll of amnesia {unknown}
 g - 2 scrolls of teleportation {unknown}
 h - 2 scrolls of fog {unknown}
 i - 2 scrolls of identify {unknown}
 l - a scroll of noise {unknown}
 p - a scroll of enchant armour {unknown}
 r - a scroll of blinking {unknown}
 y - 2 scrolls of magic mapping {unknown}
Potions
 b - a potion of magic
 j - 2 potions of attraction {unknown}
 n - 2 potions of heal wounds {unknown}
 q - a potion of ambrosia {unknown}
 s - a potion of might {unknown}
 t - a potion of haste {unknown}
 u - 2 potions of resistance {unknown}
 v - a potion of flight {unknown}
 z - a potion of curing


   Skills:
 + Level 3.2 Fighting
 + Level 1.2 Armour
 + Level 2.6 Dodging
 - Level 2.0 Stealth
 + Level 1.1 Shields
 + Level 4.9 Spellcasting
 - Level 3.0 Conjurations
 + Level 7.6 Air Magic


You had 5 spell levels left.
You knew the following spells:

 Your Spells              Type           Power      Damage    Failure   Level
a - Shock                 Conj/Air       88%        1d8       2%          1
b - Swiftness             Air            30%        N/A       2%          3
c - Static Discharge      Conj/Air       22%        N/A       3%          2
d - Airstrike             Air            15%        N/A       9%          4

Your spell library contained the following spells:

 Spells                   Type           Power      Damage    Failure   Level


Dungeon Overview and Level Annotations

Branches:
Dungeon (5/15)
 Temple: D:4-7

Altars:
Makhleb

Annotations:
D:5 Dowan, Duvessa


Innate Abilities, Weirdness & Mutations

You have a beak for a mouth.
You have claws for feet.
Your magical nature lets you fly swiftly and evasively.


Message History

The orc priest is severely wounded.
You are struck by an arc of lightning.
The lightning grounds out.
The orc wizard is struck by an arc of lightning!
The orc wizard is almost dead.
The orc priest is struck by an arc of lightning.
You kill the orc priest!
The lightning grounds out.
The orc shouts!
The orc wizard casts a spell at you. You resist with some effort.
Your Shields skill increases to level 1!
Casting: Static Discharge (safe; 3% risk of failure)
Confirm with . or Enter, or press ? or * to list all spells.
The orc wizard is struck by an arc of lightning!
You kill the orc wizard!
The lightning grounds out.
The orc hits you with a +0 mace.
* * * LOW HITPOINT WARNING * * *
Things that are here:
a +0 dagger; a +0 robe; an orc corpse You hit the orc but do no damage.
You claw the orc.
The orc is heavily wounded.
Your +0 spectral club hits the orc but does no damage.
The orc closely misses you.
The orc hits your +0 spectral club but does no damage.
The orc wizard hits you with a +0 dagger.
* * * LOW HITPOINT WARNING * * *
The orc barely misses you.
Casting: Static Discharge (safe; 3% risk of failure)
Confirm with . or Enter, or press ? or * to list all spells.
The orc wizard is struck by an arc of lightning!
The orc wizard is heavily wounded.
The orc is struck by an arc of lightning.
The orc is almost dead.
You are struck by an arc of lightning.
* * * LOW HITPOINT WARNING * * *
The lightning grounds out.
The orc wizard casts a spell at you.
You are confused.
The orc hits you with a +0 mace.
You die...

##.....#.... ..#
...>.......# ...#
....#......!# #....
...........##.....
#..).......#..........#
.##..........)..#
..e...#
...............##
.e.....
#.....###o÷.#.##
....... #......§@o##.#
.......
..>.#..)o###.### ....#
. #)##e###...##....###
#...)........!.....#
..#..####)o..e........
.........))...........
......##[.<....#.......
.........[##.###.......
..........##.# .......


You could see Dowan, an orc wizard and 2 orcs.

Vanquished Creatures
  A centaur (D:5)
  A wolf (D:5)
  A gnoll sergeant (D:5)
  A necrophage (D:5)
  A scorpion (D:5)
  An orc priest (D:5)
  3 hounds
  Jessica (D:2)
  Ijyb (D:3)
  3 orc wizards
  4 adders
  9 gnolls
  A worm (D:2)
  2 dart slugs
  11 orcs
  8 endoplasms
  13 goblins
  10 hobgoblins
  8 jackals
  3 quokkas
  4 ball pythons
  A bat (D:2)
  2 frilled lizards
  3 kobolds
  10 rats
103 creatures vanquished.

Notes
Turn   | Place    | Note
-------+----------+-------------------------------------------
     0 | D:1      | Essalna the Tengu Air Elementalist began the quest for the
                  | Orb.
     0 | D:1      | Reached XP level 1. HP: 10/10 MP: 4/4
   273 | D:1      | Reached XP level 2. HP: 15/15 MP: 0/6
   975 | D:1      | Reached XP level 3. HP: 14/19 MP: 0/7
  1140 | D:1      | Learned a level 3 spell: Swiftness
  1143 | D:1      | Learned a level 2 spell: Static Discharge
  1223 | D:1      | Found a faded altar of an unknown god.
  1283 | D:2      | Noticed Jessica
  1287 | D:2      | Killed Jessica
  1338 | D:2      | Reached XP level 4. HP: 24/24 MP: 7/9
  1393 | D:2      | Reached skill level 5 in Air Magic
  2429 | D:3      | Found a burning altar of Makhleb.
  3215 | D:3      | Gained mutation: Your magical nature lets you fly swiftly
                  | and evasively. [Tengu growth]
  3215 | D:3      | Reached XP level 5. HP: 28/28 MP: 6/11
  3377 | D:3      | Noticed Ijyb
  3444 | D:3      | Killed Ijyb
  3445 | D:3      | Reached skill level 6 in Air Magic
  3841 | D:3      | Learned a level 4 spell: Airstrike
  4223 | D:4      | Reached skill level 1 in Fighting
  4223 | D:4      | Reached XP level 6. HP: 32/34 MP: 6/12
  4760 | D:5      | Entered Level 5 of the Dungeon
  5305 | D:5      | Reached skill level 7 in Air Magic
  5305 | D:5      | Reached XP level 7. HP: 40/40 MP: 6/14
  5623 | D:5      | Noticed Dowan
  5624 | D:5      | Noticed Duvessa
  5955 | D:5      | Reached skill level 1 in Armour
  5966 | D:5      | Reached skill level 1 in Shields
  5969 | D:5      | Slain by an orc

Illustrated notes

Levels and vault maps discovered:
D:1:      tarquinn_simple_flora_water_d, layout_basic,
          shapermc_ecumenical_altar_mp_vishouse, minmay_vboxes
D:2:      layout_basic, kennysheep_generic_room_9, uniq_jessica
D:3:      kennysheep_the_goblin_king, layout_rooms,
          mainiacjoe_overflow_chevrons, minmay_misc_feat_room,
          kennysheep_nondescript, kennysheep_decorative_pillar
D:4:      layout_basic
D:5:      layout_cave_pools, serial_gnoll_camp, gnoll_camp_mini_house,
          grums_kennel, gnoll_camp_huts_basic, gnoll_camp_mini_house,
          gnoll_camp_mini_shop, gnoll_camp_mini_sergeant, skrybe_limestone_x,
          guppyfry_early_orc_mine, uniq_duvessa

Skill      XL: |  1  2  3  4  5  6  7 |
---------------+----------------------+-----
Conjurations   | 2 3 |  3.0
Air Magic      | 5 6 7 |  7.6
Spellcasting   | 3 4 |  4.9
Fighting       | 1 2 3 |  3.2
Armour         | 1 |  1.2
Shields        | 1 |  1.1
Dodging        | |  2.6
Stealth        | |  2.0

Action                   |  1- 3 |  4- 6 |  7- 9 || total
-------------------------+-------+-------+-------++-------
Melee: Unarmed           |     5 |       |       ||     5
       Peck              |     1 |     2 |     1 ||     4
       Kick              |     2 |     6 |     2 ||    10
       Dagger            |       |     4 |       ||     4
       Club              |       |    10 |     4 ||    14
 Cast: Shock             |    51 |   121 |    19 ||   191
       Static Discharge  |       |    17 |    14 ||    31
       Airstrike         |       |       |     1 ||     1
  Use: Potion            |       |     2 |       ||     2
 Stab: Sleeping          |     1 |     1 |       ||     2
Armor: Robe              |     4 |     2 |     3 ||     9
Dodge: Dodged            |     9 |    28 |    17 ||    54
Block: Buckler           |       |       |     1 ||     1

Table legend: (Time is in decaauts)
 A = Elapsed time spent in this place.
 B = Non-inter-level travel time spent in this place.
 C = Inter-level travel time spent in this place.
 D = Time resting spent in this place.
 E = Time spent auto-exploring this place.
 F = Levels seen in this place.
 G = Mean time per level.
                   A        B        C        D        E       F      G
               +--------+--------+--------+--------+--------+-----+--------+
         Total |   5882 |   5719 |    163 |   1167 |   3956 |   5 | 1176.4 |
       Dungeon |   5882 |   5719 |    163 |   1167 |   3956 |   5 | 1176.4 |
               +--------+--------+--------+--------+--------+-----+--------+

Top non-repeatable levels by time:
     D:4: 2047 daAuts
     D:1: 1235 daAuts
     D:3: 1203 daAuts
     D:2: 1184 daAuts
     D:5: 211 daAuts
